 Dungeon Crawl Stone Soup version 0.31-a0-1-g4198be8af4 (webtiles) character file.

Game seed: 9092977245640780033

11 domi the Shield-Bearer (level 2, -1/16 HPs)
             Began as a Vine Stalker Fighter on May 1, 2023.
             Slain by a kobold
             ... wielding a +2 whip of electrocution
              (11 damage)
             ... on level 1 of the Dungeon.
             The game lasted 00:00:37 (171 turns).

domi the Shield-Bearer (Vine Stalker Fighter)        Turns: 171, Time: 00:00:38

Health: -1/16      AC:  6    Str: 18    XL:     2   Next: 29%
Magic:  0/3        EV:  9    Int:  8    God:
Gold:   18         SH:  4    Dex: 13    Spells: 1/1 levels left

rFire   . . .        a - +0 rapier
rCold   . . .        c - +0 buckler
rNeg    . . .        b - +0 scale mail
rPois   .            (no helmet)
rElec   .            (no cloak)
rCorr   .            (no gloves)
SInv    .            (no boots)
Will    .....        (no amulet) Stlth
                     (no ring)
HPRegen 0.22/turn    (no ring)
MPRegen 0.08/turn

%: guardian spirit
@: no status effects
A: fangs 2, magic shield, antimagic bite, no potion heal 2
a: no special abilities


You were on level 1 of the Dungeon.
You visited 1 branch of the dungeon, and saw 1 of its levels.

You collected 18 gold pieces.

Inventory:

Hand Weapons
 a - a +0 rapier (weapon)
Armour
 b - a +0 scale mail (worn)
 c - a +0 buckler (worn)
 h - a +0 cloak
   (You found it on level 1 of the Dungeon)
Jewellery
 f - an amulet of the acrobat
   (You found it on level 1 of the Dungeon)
Scrolls
 e - a scroll of identify {unknown}
 g - a scroll of fear {unknown}
Potions
 d - a potion of might


   Skills:
 + Level 2.8 Fighting
 + Level 1.9 Short Blades
 + Level 2.5 Armour
 * Level 1.3 Stealth
 + Level 2.8 Shields


You had one spell level left.
You didn't know any spells.
Your spell library contained the following spells:

 Spells                   Type           Power      Damage    Failure   Level
 Magic Dart               Conj           0%         1d3       87%         1
 Call Imp                 Summ           0%         N/A       95%         2
 Mephitic Cloud           Conj/Pois/Air  0%         N/A       99%         3


Dungeon Overview and Level Annotations

Branches:
Dungeon (1/15)

Altars:


Innate Abilities, Weirdness & Mutations

You have extremely sharp teeth.
When hurt, damage is shared between your health and your magic reserves.
Your bite disrupts and absorbs the magic of your enemies.
Potions cannot restore your health.


Message History

You kill the bat!
The bat hits you but does no damage.
The giant cockroach bites you but does no damage. x2
You closely miss the giant cockroach. The bat barely misses you.
The giant cockroach completely misses you.
You hit the bat.
You kill the bat!
You block the giant cockroach's attack.
You hit the giant cockroach.
The giant cockroach bites you but does no damage. x2
You hit the giant cockroach.
You kill the giant cockroach!
No target in view!
No target in view!
You see here a giant cockroach corpse.
You pick up a book of Minor Magic and begin reading...
You add the spells Magic Dart, Call Imp and Mephitic Cloud to your library.
You see here a giant cockroach corpse.
A rat comes into view.
A rat is nearby!
A rat is nearby!
A rat is nearby!
You block the rat's attack.
You hit the rat. You bite the rat, but do no damage.
The rat bites you but does no damage.
You hit the rat.
You kill the rat!
Your Stealth skill increases to level 1!
No target in view!
As you open the door, it creaks loudly!
A bat comes into view.
You puncture the bat!
You kill the bat!
g - a scroll labelled YROQUE LOS FIP No target in view!
h - a +0 cloak No target in view!
Found a stone staircase leading down.
No target in view!
No target in view!
No target in view!
There is a stone staircase leading down here.
A goblin comes into view. It is wielding a +0 club.
The goblin shouts!
A goblin is nearby!
A goblin is nearby!
An endoplasm comes into view.
The endoplasm quivers.
The goblin closely misses you.
You barely miss the goblin. You block the goblin's attack.
You closely miss the goblin. You bite the goblin.
You kill the goblin!
A giant cockroach comes into view.
You have reached level 2!
You see here a +0 club.
You block the endoplasm's attack.
You hit the endoplasm. The giant cockroach barely misses you.
The endoplasm hits you.
You puncture the endoplasm!
You kill the endoplasm!
The giant cockroach bites you but does no damage. x2
You hit the giant cockroach but do no damage.
You block the giant cockroach's attack.
You barely miss the giant cockroach. You bite the giant cockroach.
You kill the giant cockroach!
No target in view!
No target in view!
You see here a giant cockroach corpse.
A quokka comes into view.
A quokka is nearby!
A kobold comes into view.
It is wielding a +2 whip of electrocution.
The kobold shouts!
There are monsters nearby!
There are monsters nearby!
You hit the quokka but do no damage.
The quokka bites you but does no damage.
A ball python comes into view.
You barely miss the quokka.
The ball python hisses angrily.
You bite the quokka. You drain its power.
The quokka bites you but does no damage.
The quokka bites you.
You hit the quokka.
You kill the quokka!
A ball python comes into view.
The ball python hisses angrily.
You hit the kobold but do no damage. Your bite misses the kobold.
The kobold barely misses you.
You hit the ball python. Your bite misses the ball python.
The ball python bites you but does no damage.
The ball python grabs you. The ball python constricts you.
You block the kobold's attack. The ball python loses its grip on you.
You hit the ball python but do no damage.
You bite the ball python.
You kill the ball python!
The kobold hits you with a +2 whip of electrocution!
You are electrocuted!
Ouch! That really hurt!
You die...

#)#.#
+............
#.#.#
#...####...##
#.†.# #.##
#...## #.###
#. ######
#.######### #
#..........
###
#....#########
#..
#.#...†.......
#..
#.#...@K......
#..
#.#..$.S......
#..
#.#...........
#..
#.$...........
#..
####..........
#..
#..........
#..
#..........
###........


You could see a ball python and a kobold.

Vanquished Creatures
  A ball python (D:1)
  3 bats (D:1)
  An endoplasm (D:1)
  3 giant cockroaches (D:1)
  A goblin (D:1)
  A quokka (D:1)
  A rat (D:1)
11 creatures vanquished.

Notes
Turn   | Place    | Note
-------+----------+-------------------------------------------
     0 | D:1      | domi the Vine Stalker Fighter began the quest for the Orb.
     0 | D:1      | Reached XP level 1. HP: 11/11 MP: 2/2
    84 | D:1      | Reached skill level 1 in Stealth
   149 | D:1      | Reached XP level 2. HP: 16/16 MP: 3/3
   171 | D:1      | Slain by a kobold

Illustrated notes

Levels and vault maps discovered:
D:1:      onia_arrival_pentagram, layout_basic, ebering_ecumenical_altar_hall,
          minmay_misc_feat_x

Skill      XL: |  1 |
---------------+----+-----
Stealth        | 1 |  1.3
Fighting       | |  2.8
Short Blades   | |  1.9
Armour         | |  2.5
Shields        | |  2.8

Action                     || total
---------------------------++-------
  Melee: Rapier            ||    31
         Bite              ||     7
 Armour: Scale mail        ||    21
  Dodge: Dodged            ||    11
  Block: Buckler           ||    10

Table legend: (Time is in decaauts)
 A = Elapsed time spent in this place.
 B = Non-inter-level travel time spent in this place.
 C = Inter-level travel time spent in this place.
 D = Time resting spent in this place.
 E = Time spent auto-exploring this place.
 F = Levels seen in this place.
 G = Mean time per level.
                   A        B        C        D        E       F      G
               +--------+--------+--------+--------+--------+-----+--------+
         Total |    175 |    175 |      0 |      0 |    112 |   1 |  175.0 |
       Dungeon |    175 |    175 |      0 |      0 |    112 |   1 |  175.0 |
               +--------+--------+--------+--------+--------+-----+--------+

Top non-repeatable levels by time:
     D:1: 175 daAuts

Levels and vault maps discovered:
D:1:      onia_arrival_pentagram, layout_basic, ebering_ecumenical_altar_hall,
          minmay_misc_feat_x

Table legend: (Time is in decaauts)
 A = Elapsed time spent in this place.
 B = Non-inter-level travel time spent in this place.
 C = Inter-level travel time spent in this place.
 D = Time resting spent in this place.
 E = Time spent auto-exploring this place.
 F = Levels seen in this place.
 G = Mean time per level.
                   A        B        C        D        E       F      G
               +--------+--------+--------+--------+--------+-----+--------+
         Total |    175 |    175 |      0 |      0 |    112 |   1 |  175.0 |
       Dungeon |    175 |    175 |      0 |      0 |    112 |   1 |  175.0 |
               +--------+--------+--------+--------+--------+-----+--------+

Top non-repeatable levels by time:
     D:1: 175 daAuts

Table legend:
 A = Kills in this place as a percentage of kills in the entire game.
 B = Kills by you in this place as a percentage of kills by you in the entire game.
 C = Kills by friends in this place as a percentage of kills by friends in the entire game.
 D = Other kills in this place as a percentage of other kills in the entire game.
 E = Experience gained in this place as a percentage of experience gained in the entire game.
 F = Experience gained in this place divided by the number of levels of this place that you have seen.
                   A       B       C       D       E      F
               +-------+-------+-------+-------+-------+----------------------
         Total | 100.0 | 100.0 |   N/A |   N/A | 100.0 |  19.0
       Dungeon | 100.0 | 100.0 |   N/A |   N/A | 100.0 |  19.0
               +-------+-------+-------+-------+-------+----------------------
